 Dungeon Crawl Stone Soup version 0.26-a0-1213-gd52f5182fe (webtiles) character file.

Game seed: 307713499413748352

903 pkoi the Carver (level 7, -2/56 HPs)
             Began as a Minotaur Gladiator on Dec 30, 2020.
             Was a Priest of Elyvilon.
             Killed from afar by Blork the orc (5 damage)
             ... with a puff of flame
             ... on level 6 of the Dungeon.
             The game lasted 00:06:03 (5692 turns).

pkoi the Carver (Minotaur Gladiator)                Turns: 5692, Time: 00:06:03

Health: -2/56      AC:  6    Str: 21    XL:     7   Next: 80%
Magic:  10/10      EV: 27    Int:  5    God:    Elyvilon [***...]
Gold:   384        SH:  0    Dex: 11    Spells: 4/6 levels left

rFire    . . .     SeeInvis .   a - +1 long sword
rCold    . . .     Faith    .   (no shield)
rNeg     . . .     Spirit   .   b - +0 leather armour
rPois    .         Reflect  .   c - +1 hat
rElec    .         Harm     .   o - +0 cloak
rCorr    .         Rampage  .   e - +0 pair of gloves
Will     +....                  (no boots)
Stlth    +.........             k - amulet of the acrobat
HPRegen  0.18/turn              f - ring of willpower
MPRegen  0.12/turn              v - ring of flight

@: acrobat
A: retaliatory headbutt, horns 2
a: Renounce Religion, Evoke Flight, Lesser Healing, Heal Other, Purification,
Divine Protection


You were on level 6 of the Dungeon.
You worshipped Elyvilon.
Elyvilon was most pleased with you.
You visited 1 branch of the dungeon, and saw 6 of its levels.
You also visited: Ossuary.

You collected 384 gold pieces.

Inventory:

Hand Weapons
 a - a +1 long sword (weapon)
Missiles
 d - 3 throwing nets (quivered)
 p - 2 javelins
Armour
 b - a +0 leather armour (worn)
 c - a +1 hat (worn)
 e - a +0 pair of gloves (worn)
 o - a +0 cloak (worn)
Jewellery
 f - a ring of willpower (left hand)
 h - an uncursed amulet of faith
 k - an amulet of the acrobat (around neck)
 r - an uncursed amulet of guardian spirit
 v - a ring of flight (right hand)
Wands
 q - a wand of flame (27)
 s - a wand of iceblast (13)
Scrolls
 g - 4 scrolls of magic mapping
 i - 14 scrolls of identify
 j - a scroll of fear
 m - 8 scrolls of remove curse
 u - a scroll of enchant weapon
 y - 2 scrolls of enchant armour
Potions
 l - a potion of resistance {unknown}
 n - 2 potions of mutation
 t - 3 potions of heal wounds
 w - 3 potions of flight {unknown}
 x - a potion of magic {unknown}


   Skills:
 - Level 2.4 Fighting
 + Level 8.8 Long Blades
 - Level 2.0 Throwing
 - Level 3.2 Dodging
 + Level 5.7 Invocations


You had 4 spell levels left.
You knew the following spells:

 Your Spells              Type           Power        Failure   Level
a - Blink                 Tloc           N/A          67%         2

Your spell library contained the following spells:

 Spells                   Type           Power        Failure   Level
 Magic Dart               Conj           0%           52%         1
 Call Imp                 Summ           0%           67%         2
 Slow                     Hex            0%           67%         2
 Confusing Touch          Hex            0%           88%         3
 Conjure Flame            Conj/Fire      0%           88%         3
 Gell's Gravitas          Tloc           0%           88%         3
 Mephitic Cloud           Conj/Pois/Air  0%           88%         3
 Petrify                  Tmut/Erth      0%           99%         4
 Metabolic Englaciation   Hex/Ice        0%           100%        5
 Yara's Violent Unravell  Hex/Tmut       0%           100%        5


Dungeon Overview and Level Annotations

Branches:
Dungeon (6/15)             Temple (0/1) D:6         Ossuary (visited)

Altars:
Cheibriados
Elyvilon
Fedhas
Gozag
Kikubaaqudgha
Okawaru
Sif Muna
Vehumet

Annotations:
D:6 Blork the orc, Prince Ribbit


Innate Abilities, Weirdness & Mutations

You reflexively headbutt those who attack you in melee.
You have a pair of horns on your head.


Message History

The ufetubus completely misses you.
You riposte.
You hit the ufetubus.
The ufetubus is severely wounded.
The ufetubus closely misses you.
You slash the ufetubus!
You kill the ufetubus!
Prince Ribbit blinks!
You closely miss something. Something hits you!
You hit something.
Prince Ribbit blinks!
Something hits you!
The phantom blinks!
You hit something but do no damage. You headbutt something!
The phantom blinks!
Something hits you but does no damage.
You closely miss something. You slash something! Something hits you!
* * * LOW HITPOINT WARNING * * *
A magic dart appears from out of thin air!
The magic dart hits you.
* * * LOW HITPOINT WARNING * * *
A puff of flame appears from out of thin air!
The puff of flame hits you.
You die...

,,,,,+,,,,* #.## #.# ,,,,,***,,*
#..# #.# ##### **+***,,,,*
##.###.# #...# ,,,* *,*,,*
#WF##.# #######'#.# **** #.##.*
##{##.# #.#.#.#.#.# ###.#..*
#..#.###'#'#'#.#.# **##...#.#*
##.#...#.'...'.#.##
,,.......#######.....###...###...
*****#........##@..###.'...'.###.
##.......'......###'#'###...
#######..(....##...###.'.#.'.#.##
#.............##...###########.#
#.................>............#
#......#......######.###########
#.........<...# #...#
'))...........# ###.#
#.............# #.#


You could see Prince Ribbit and a phantom.

Vanquished Creatures
  2 elf zombies (Ossuary)
  2 elf skeletons (D:6)
  2 scorpions
  A howler monkey (D:5)
  A human zombie (D:6)
  An orc priest (D:2)
  2 hounds
  Ijyb (D:4)
  A gnoll shaman (D:6)
  An orc wizard (D:5)
  A worker ant (D:5)
  2 big kobold zombies (Ossuary)
  2 hound zombies (Ossuary)
  4 mummies (Ossuary)
  3 gnolls (D:6)
  2 adders
  2 white imps
  An ufetubus (D:6)
  An ooze (D:1)
  A worm (D:2)
  2 leopard geckos (D:2)
  8 orcs
  A ball python (D:4)
  3 giant cockroaches (D:3)
  5 goblins
  7 hobgoblins
  12 jackals
  4 quokkas
  9 bats
  4 frilled lizards
  A jackal zombie (Ossuary)
  6 kobolds
  2 kobold zombies (Ossuary)
  2 orc skeletons (D:6)
  3 orc zombies
  A quokka skeleton (D:4)
  4 rats
  A rat zombie (Ossuary)
108 creatures vanquished.

Vanquished Creatures (others)
  2 jackals (D:4)
2 creatures vanquished.

Grand Total: 110 creatures vanquished

Notes
Turn   | Place    | Note
-------+----------+-------------------------------------------
     0 | D:1      | pkoi the Minotaur Gladiator began the quest for the Orb.
     0 | D:1      | Reached XP level 1. HP: 18/18 MP: 0/0
   299 | D:1      | Reached skill level 4 in Long Blades
   486 | D:1      | Reached XP level 2. HP: 25/25 MP: 1/1
  1186 | D:2      | Found a white marble altar of Elyvilon.
  1192 | D:2      | Reached skill level 5 in Long Blades
  1269 | D:2      | Found a blossoming altar of Fedhas.
  1289 | D:2      | Reached XP level 3. HP: 27/30 MP: 2/2
  1433 | D:2      | Found a white marble altar of Elyvilon.
  1442 | D:2      | Became a worshipper of Elyvilon the Healer
  1932 | D:3      | Reached skill level 1 in Invocations
  1939 | D:2      | Reached XP level 4. HP: 3/37 MP: 2/4
  2234 | D:3      | Reached * piety under Elyvilon
  2670 | D:4      | Reached ** piety under Elyvilon
  2831 | D:4      | Reached skill level 6 in Long Blades
  2831 | D:4      | Reached XP level 5. HP: 13/42 MP: 3/5
  3535 | D:4      | Noticed Ijyb
  3591 | D:4      | Killed Ijyb
  3886 | D:4      | Found a snail-covered altar of Cheibriados.
  4014 | D:5      | Entered Level 5 of the Dungeon
  4014 | D:5      | Reached *** piety under Elyvilon
  4096 | D:5      | Reached XP level 6. HP: 50/50 MP: 7/7
  4145 | D:5      | Reached skill level 7 in Long Blades
  4250 | D:5      | Found a radiant altar of Vehumet.
  4252 | D:5      | Identified Vehumet's Disquisition on Confrontation
  4255 | D:5      | Found an ancient bone altar of Kikubaaqudgha.
  4256 | D:5      | Found a shimmering blue altar of Sif Muna.
  4328 | D:5      | Learned a level 2 spell: Blink
  4594 | D:5      | Found an iron altar of Okawaru.
  4594 | D:5      | Found an opulent altar of Gozag.
  4959 | D:6      | Reached XP level 7. HP: 34/56 MP: 9/9
  4970 | D:6      | Found a sand-covered staircase.
  4982 | D:6      | Reached skill level 8 in Long Blades
  5078 | Ossuary  | Entered an ossuary
  5121 | Ossuary  | Reached skill level 5 in Invocations
  5668 | D:6      | Noticed Prince Ribbit
  5669 | D:6      | Noticed Blork the orc
  5691 | D:6      | HP: 2/56 [something/magic dart (6)]
  5692 | D:6      | Killed from afar by Blork the orc

Illustrated notes

Levels and vault maps discovered:
D:1:      dpeg_arrival_simpleton_a, layout_basic
D:2:      layout_basic, general_overflow_altar, lemuel_round_altar,
          grunt_decor_one_mirror, elyvilon_altar_3
D:3:      layout_rooms, dk_noncrumbling_4
D:4:      minmay_diamond_boxcup, layout_basic, nicolae_overflow_hidden_temple,
          uniq_ijyb
D:5:      layout_rooms, grunt_temple_overflow_magic_moments,
          gammafunk_temple_overflow_wave
D:6:      layout_basic, minmay_temple_entry_proselytizer,
          nicolae_ossuary_entry_catacombs, uniq_blork_the_orc,
          uniq_prince_ribbit1

Skill      XL: |  1  2  3  4  5  6  7 |
---------------+----------------------+-----
Long Blades    | 4 5 6 7 8 |  8.8
Invocations    | 1 2 3 4 5 |  5.7
Fighting       | |  2.4
Throwing       | |  2.0
Dodging        | |  3.2

Action                   |  1- 3 |  4- 6 |  7- 9 || total
-------------------------+-------+-------+-------++-------
Melee: Long sword        |    79 |   120 |   106 ||   305
       Headbutt          |    14 |    15 |    24 ||    53
       Unarmed           |       |    19 |       ||    19
Invok: Lesser Healing    |       |     3 |       ||     3
       Heal Other        |       |     1 |       ||     1
  Use: Scroll            |     5 |     9 |       ||    14
       Potion            |       |     6 |       ||     6
 Stab: Sleeping          |       |     1 |       ||     1
Armor: Leather armour    |    24 |    32 |    22 ||    78
Dodge: Dodged            |    48 |    84 |    52 ||   184
       Rpst.: Long sword |    13 |    24 |    10 ||    47

Table legend: (Time is in decaauts)
 A = Elapsed time spent in this place.
 B = Non-inter-level travel time spent in this place.
 C = Inter-level travel time spent in this place.
 D = Time resting spent in this place.
 E = Time spent auto-exploring this place.
 F = Levels seen in this place.
 G = Mean time per level.
                   A        B        C        D        E       F      G
               +--------+--------+--------+--------+--------+-----+--------+
         Total |   5692 |   5589 |    103 |   1178 |   3504 |   7 |  813.1 |
       Dungeon |   5201 |   5098 |    103 |    967 |   3353 |   6 |  866.8 |
       Ossuary |    491 |    491 |      0 |    211 |    151 |   1 |  491.0 |
               +--------+--------+--------+--------+--------+-----+--------+

Top non-repeatable levels by time:
     D:4: 1319 daAuts
     D:1: 1193 daAuts
     D:2: 956 daAuts
     D:5: 811 daAuts
     D:3: 543 daAuts
 Ossuary: 491 daAuts
     D:6: 376 daAuts
